 Dungeon Crawl Stone Soup version 0.29.0-5-ge4962eb29e (webtiles) character file.

Game seed: 5846920043391943314

23 adizb the Ruffian (level 2, -11/29 HPs)
             Began as a Troll Berserker on Aug 29, 2022.
             Was a Follower of Trog.
             Mangled by Terence
             ... wielding a +0 mace
              (13 damage)
             ... on level 2 of the Dungeon.
             The game lasted 00:02:11 (693 turns).

adizb the Ruffian (Troll Berserker)                  Turns: 693, Time: 00:02:12

Health: -11/29     AC:  4    Str: 24    XL:     2   Next: 72%
Magic:  1/1        EV: 10    Int:  3    God:    Trog [*.....]
Gold:   107        SH:  0    Dex:  9    Spells: 1/1 levels left

rFire   . . .      SeeInvis .     - Unarmed
rCold   . . .      Faith    .   (no shield)
rNeg    . . .      Spirit   .   a - +0 animal skin
rPois   .          Reflect  .   (helmet restricted)
rElec   .          Harm     .   (no cloak)
rCorr   .          Rampage  .   (gloves unavailable)
Will    .....                   (boots unavailable)
Stlth   +.........              (no amulet)
HPRegen 0.89/turn               d - ring of flight
MPRegen 0.07/turn               (no ring)

@: brilliant, flying
A: large, unfitting armour, claws 3, regeneration 1, shaggy fur 1, tough skin 1
a: Renounce Religion, Berserk


You were on level 2 of the Dungeon.
You worshipped Trog.
Trog was aware of your devotion.
You visited 1 branch of the dungeon, and saw 2 of its levels.

You collected 107 gold pieces.

Inventory:

Armour
 a - a +0 animal skin (worn)
Jewellery
 d - a ring of flight (left claw)
Scrolls
 b - a scroll of identify {unknown}
 c - a scroll of fear {unknown}
 f - a scroll of vulnerability {unknown}
Potions
 e - a potion of brilliance


   Skills:
 + Level 2.6 Fighting
 + Level 2.6 Dodging
 * Level 3.5 Unarmed Combat


You had one spell level left.
You didn't know any spells.
Your spell library was empty.

Dungeon Overview and Level Annotations

Branches:
Dungeon (2/15)

Altars:

Annotations:
D:2 Terence


Innate Abilities, Weirdness & Mutations

You are too large for most types of armour.
You have claws for hands.
Your natural rate of healing is unusually fast.
You are covered in fur. (AC +1)
You have tough skin. (AC +1)


Message History

You claw the hobgoblin!
You kill the hobgoblin!
Trog accepts your kill.
You see here a hobgoblin corpse.
There is a stone staircase leading down here.
You fly downwards.
The adder hisses angrily.
There is a stone staircase leading up here.
You barely miss the adder. The adder closely misses you.
You barely miss the adder. The adder bites you but does no damage.
The adder barely misses you.
You closely miss the adder. The adder closely misses you.
You claw the adder!
You kill the adder!
Trog accepts your kill.
You see here an adder corpse.
You see here an adder corpse.
There is a stone staircase leading up here.
Terence the Incautious comes into view.
He is wielding a +0 mace.
Terence shouts!
Terence drinks a potion.
Terence goes berserk!
Terence hits you with a +0 mace!
You scratch Terence but do no damage. Terence hits you with a +0 mace!
You are too injured to fight recklessly!
You are too injured to fight recklessly!
You are too injured to fight recklessly!
Terence hits you but does no damage. Terence attacks as you move away!
Terence hits you with a +0 mace. Terence barely misses you.
Terence attacks as you move away! Terence hits you with a +0 mace!
* * * LOW HITPOINT WARNING * * *
Terence closely misses you.
Okay, then.
It was a potion of brilliance.
You feel clever all of a sudden. Terence hits you with a +0 mace!
* * * LOW HITPOINT WARNING * * *
Terence attacks as you move away! Terence misses you.
Terence hits you with a +0 mace!
You die...

##############
#.....<..†....
#.############
#.# #.# #.#
#.# #######.#
#.@@....#
#.####### #.#
# #.#
#.##.####
#.......#
#..#....#
#..###### #..


You could see Terence (berserk).

Vanquished Creatures
  An adder (D:2)
  3 ball pythons (D:1)
  2 bats (D:1)
  An endoplasm (D:1)
  A giant cockroach (D:1)
  2 goblins (D:1)
  2 hobgoblins (D:1)
  A frilled lizard (D:1)
13 creatures vanquished.

Notes
Turn   | Place    | Note
-------+----------+-------------------------------------------
     0 | D:1      | adizb the Troll Berserker began the quest for the Orb.
     0 | D:1      | Reached XP level 1. HP: 22/22 MP: 0/0
   231 | D:1      | Reached XP level 2. HP: 26/29 MP: 1/1
   684 | D:2      | Noticed Terence
   692 | D:2      | HP: 1/29 [Terence/+0 mace (7)]
   693 | D:2      | Mangled by Terence

Illustrated notes

Levels and vault maps discovered:
D:1:      dpeg_arrival_simpleton_c, layout_basic
D:2:      layout_basic, uniq_terence

Action                   || total
-------------------------++-------
Melee: Unarmed           ||    33
  Use: Potion            ||     1
Armor: Animal skin       ||     7
Dodge: Dodged            ||    15
